 Dungeon Crawl Stone Soup version 0.25.1-9-gc5326a611f (webtiles) character file.

Game seed: 7937609753082577477

39 pokeman the Magician (level 3, -1/20 HPs)
             Began as a Deep Elf Wizard on Dec 24, 2020.
             Slain by an adder (2 damage)
             ... on level 4 of the Dungeon.
             The game lasted 00:03:00 (1769 turns).

pokeman the Magician (Deep Elf Wizard)              Turns: 1769, Time: 00:03:00

Health: -1/20      AC:  4    Str:  4    XL:     3   Next: 26%
Magic:  3/11       EV: 11    Int: 23    God:
Gold:   59         SH:  0    Dex: 13    Spells: 1/12 levels left

rFire    . . .     SeeInvis .   (no weapon)
rCold    . . .     Gourm    .   (no shield)
rNeg     . . .     Faith    .   b - +0 leather armour
rPois    .         Spirit   .   c - +0 helmet
rElec    .         Reflect  .   (no cloak)
rCorr    .         Harm     .   (no gloves)
MR       .....                  (no boots)
Stlth    ++........             h - amulet of inaccuracy (curse)
HPRegen  0.06/turn              (no ring)
MPRegen  0.12/turn              (no ring)

@: lethally poisoned (-1 -> -4), stab, flying, very slightly contaminated
A: no striking features
a: no special abilities


You were on level 4 of the Dungeon.
You were not hungry.

You visited 1 branch of the dungeon, and saw 3 of its levels.

You collected 59 gold pieces.

Inventory:

Armour
 b - a +0 leather armour (worn)
 c - a +0 helmet (worn)
Jewellery
 h - a cursed amulet of inaccuracy (around neck)
Scrolls
 g - a scroll of enchant armour {unknown}
 j - a scroll of enchant weapon {unknown}
 k - a scroll of noise {unknown}
 l - a scroll of remove curse {unknown}
 m - a scroll of fear {unknown}
Potions
 a - a potion of flight
 f - a potion of degeneration {unknown}
 n - a potion of curing {unknown}
Comestibles
 d - 3 rations
 i - a chunk of flesh


   Skills:
 + Level 0.8 Fighting
 + Level 0.7 Armour
 - Level 2.4 Dodging
 - Level 2.4 Stealth
 * Level 5.2 Spellcasting
 + Level 1.9 Conjurations
 - Level 1.1 Summonings
 - Level 1.1 Translocations


You had one spell level left.
You knew the following spells:

 Your Spells              Type           Power        Failure   Level  Hunger
a - Magic Dart            Conj           ###.         8%          1    None
b - Mephitic Cloud        Conj/Pois/Air  #.......     36%         3    ##.....
c - Call Imp              Summ           ##......     16%         2    None
d - Blink                 Tloc           N/A          16%         2    None
e - Conjure Flame         Conj/Fire      ##......     32%         3    ##.....

Your spell library contained the following spells:

 Spells                   Type           Power        Failure   Level  Hunger
 Slow                     Hex            #.......     26%         2    None


Dungeon Overview and Level Annotations

Branches:
Dungeon (2/15)

Altars:
Ashenzari
Kikubaaqudgha

Annotations:
D:2 2 transporters


Message History

The adder barely misses you.
The orc priest invokes the aid of Beogh against you.
Beogh smites you!
Ouch! That really hurt!
The adder bites you.
You are poisoned.
The adder poisons you!
An orc wizard comes into view. It is wielding a +0 dagger.
The orc wizard shouts!
You feel sick. The worm barely misses you.
The orc wizard moves out of view.
Found two stone staircases leading down.
You feel sick. The adder bites you.
* * * LOW HITPOINT WARNING * * *
It was a potion of flight.
You feel very buoyant.
You fly up into the air.
The adder misses you.
It was a potion of stabbing.
You feel ready to backstab. The adder bites you.
You die...

... ..# #... .....
... ....#
###.........
..>.##... ..#..#
#......# .....#.
#>..... .......
#.....# .......
#....@###.......
#.....S#.....o.o
.........wolo.....
..#.......###.....
. ##......# ....
......... ...
.........## ##
..........
..........


You could see a worm, an adder and an orc.

Vanquished Creatures
  An ooze (D:1)
  8 bats
  A giant cockroach (D:1)
  4 goblins (D:1)
  2 hobgoblins
  5 jackals (D:2)
  A frilled lizard (D:2)
  6 kobolds
  5 rats
33 creatures vanquished.

Notes
Turn   | Place    | Note
-------+----------+-------------------------------------------
     0 | D:1      | pokeman the Deep Elf Wizard began the quest for the Orb.
     0 | D:1      | Reached XP level 1. HP: 10/10 MP: 7/7
   487 | D:1      | Reached XP level 2. HP: 15/15 MP: 7/9
  1117 | D:1      | Reached skill level 5 in Spellcasting
  1324 | D:2      | Reached XP level 3. HP: 20/20 MP: 2/11
  1329 | D:2      | Learned a level 3 spell: Mephitic Cloud
  1332 | D:2      | Learned a level 2 spell: Call Imp
  1338 | D:2      | Learned a level 2 spell: Blink
  1342 | D:2      | Learned a level 3 spell: Conjure Flame
  1634 | D:2      | Found an ancient bone altar of Kikubaaqudgha.
  1641 | D:2      | Found a shattered altar of Ashenzari.
  1644 | D:2      | Noticed a hungry ghost
  1646 | D:2      | Found a transporter.
  1655 | D:2      | Found a transporter.
  1755 | D:2      | You fall into a shaft and drop 2 floors!
  1767 | D:4      | HP: 1/20 [adder (4)]
  1769 | D:4      | Slain by an adder

Illustrated notes

Levels and vault maps discovered:
D:1:      dpeg_arrival_more_subterranean_lakeside_camping, layout_loops_ring,
          dk_noncrumbling_2, minmay_misc_feat_square
D:2:      layout_basic, gammafunk_temple_overflow_arena, lemuel_crystal_altar
D:4:      layout_cave_pools, overflow_temple_1_default

Skill      XL: |  1  2 |
---------------+-------+-----
Spellcasting   | 5 |  5.2
Fighting       | |  0.8
Armour         | |  0.7
Dodging        | |  2.4
Stealth        | |  2.4
Conjurations   | |  1.9
Summonings     | |  1.1
Translocations | |  1.1

Action                   || total
-------------------------++-------
Melee: Unarmed           ||     6
 Cast: Magic Dart        ||    77
  Use: Potion            ||     2
  Eat: Chunk             ||     2
Armor: Leather armour    ||     9
       Robe              ||     5
Dodge: Dodged            ||    24
